 Dungeon Crawl Stone Soup version 0.23.2-33-g5129a83184 (webtiles) character file.

Game seed: 14696315086922667902

46 Ivernyr the Magician (level 3, 0/28 HPs)
             Began as a Draconian Wizard on July 4, 2019.
             Succumbed to a worker ant's poison
             ... on level 3 of the Dungeon.
             The game lasted 00:07:46 (2263 turns).

Ivernyr the Magician (Draconian Wizard)             Turns: 2263, Time: 00:07:47

Health: 0/28       AC:  5    Str:  9    XL:     3   Next: 46%
Magic:  1/7        EV: 17    Int: 19    God:
Gold:   115        SH:  0    Dex: 14    Spells: 5/8 levels left

rFire    . . .     SeeInvis .   l - +0 spear
rCold    . . .     Gourm    .   (no shield)
rNeg     . . .     Faith    .   (armour unavailable)
rPois    .         Spirit   .   a - +0 hat
rElec    .         Reflect  .   (no cloak)
rCorr    .         Harm     .   (no gloves)
MR       .....                  (no boots)
Stlth    +++.......             (no amulet)
HPRegen  0.09/turn              (no ring)
MPRegen  0.10/turn              (no ring)

@: agile, lethally poisoned (0 -> -19), flying, very slightly contaminated
A: unfitting armour, cold-blooded, AC +5
a: no special abilities


You were on level 3 of the Dungeon.
You were not hungry.

You visited 1 branch of the dungeon, and saw 3 of its levels.

You collected 115 gold pieces.

Inventory:

Hand Weapons
 l - a +0 spear (weapon)
Armour
 a - a +0 hat (worn)
Scrolls
 b - 2 scrolls of remove curse {unknown}
 f - 2 scrolls of noise {unknown}
 g - a scroll of amnesia {unknown}
 h - a scroll of fog {unknown}
 k - a scroll of blinking {unknown}
 n - 3 scrolls of identify {unknown}
 o - 2 scrolls of teleportation {unknown}
 p - a scroll of magic mapping {unknown}
Potions
 i - a potion of brilliance {unknown}
 j - a potion of ambrosia {unknown}
 m - a potion of might {unknown}
 q - a potion of curing {unknown}
Comestibles
 c - 3 rations


   Skills:
 + Level 1.1 Fighting
 - Level 2.0 Dodging
 - Level 1.7 Stealth
 + Level 3.3 Spellcasting
 * Level 2.5 Conjurations
   Level 1.0 Summonings
 - Level 1.0 Translocations


You had 5 spell levels left.
You knew the following spells:

 Your Spells              Type           Power        Failure   Level  Hunger
a - Magic Dart            Conj           ##..         5%          1    None
b - Blink                 Tloc           N/A          14%         2    ##.....

Your spell library contained the following spells:

 Spells                   Type           Power        Failure   Level  Hunger
 Call Imp                 Summ           #.......     14%         2    ##.....
 Slow                     Hex            #.......     22%         2    ##.....
 Conjure Flame            Conj/Fire      #.......     26%         3    ###....
 Mephitic Cloud           Conj/Pois/Air  #.......     30%         3    ###....


Dungeon Overview and Level Annotations

Branches:
Dungeon (3/15)

Altars:
Gozag
Nemelex Xobeh


Innate Abilities, Weirdness & Mutations

Your plain brown scales are hard. (AC +5)
You cannot fit into any form of body armour.
You are cold-blooded and may be slowed by cold attacks.


Message History

Press: ? - help, Shift-Dir - straight line, f/p - worker ant
Aim: a worker ant (heavily wounded)
The magic dart hits the worker ant.
The worker ant is severely wounded.
* * * LOW HITPOINT WARNING * * *
You feel sick. The worker ant bites you.
* * * LOW HITPOINT WARNING * * *
You are more poisoned.
The worker ant poisons you! The worker ant closely misses you.
It was a potion of flight.
You feel very buoyant.
You fly up into the air.
* * * LOW HITPOINT WARNING * * *
You feel sick. The worker ant bites you.
* * * LOW HITPOINT WARNING * * *
You are more poisoned.
The worker ant poisons you!
It was a potion of agility.
You feel agile all of a sudden.
You die...

# ....
####.###..#
..........#
##.# ##
#..# . #.##
#.#.#
#.#a#####
#..@....#
#.#..##..#
#.>#...# ..
#.
#.......#
#.
#...###.# #
#.### #.#
#.# ..#


You could see a worker ant.

Vanquished Creatures
  2 worms (D:2)
  2 dart slugs
  A leopard gecko (D:1)
  2 bats (D:1)
  2 giant cockroaches (D:1)
  4 goblins
  7 hobgoblins
  2 frilled lizards (D:1)
  6 kobolds
  4 rats
32 creatures vanquished.

Notes
Turn   | Place    | Note
-------+----------+-------------------------------------------
     0 | D:1      | Ivernyr the Draconian Wizard began the quest for the Orb.
     0 | D:1      | Reached XP level 1. HP: 14/14 MP: 4/4
   363 | D:1      | Reached XP level 2. HP: 20/20 MP: 0/6
   423 | D:1      | Learned a level 2 spell: Blink
  1285 | D:2      | Reached XP level 3. HP: 27/27 MP: 0/7
  1564 | D:2      | Reached skill level 1 in Fighting
  2147 | D:2      | Found an opulent altar of Gozag.
  2148 | D:2      | Found a sparkling altar of Nemelex Xobeh.
  2263 | D:3      | Succumbed to a worker ant's poison

Skill      XL: |  1  2  3 |
---------------+----------+-----
Dodging        | 2 |  2.0
Conjurations   | 2 |  2.5
Fighting       | 1 |  1.1
Stealth        | |  1.7
Spellcasting   | |  3.3
Summonings     | |  1.0
Translocations | |  1.0

Action                   || total
-------------------------++-------
Melee: Unarmed           ||    15
       Tailslap          ||     4
       Spear             ||    26
 Cast: Magic Dart        ||    80
  Use: Potion            ||     2
  Eat: Chunk             ||     4
Armor: Skin              ||    12
Dodge: Dodged            ||    24
